 Dungeon Crawl Stone Soup version 0.30-a0-586-g23e55c9e0a (webtiles) character file.

Game seed: 5571799972967261577

9 demibob the Twirler (level 2, 22/22 HPs)
             Began as a Demonspawn Gladiator on Jan 3, 2023.
             Quit the game on level 1 of the Dungeon.
             The game lasted 00:00:15 (105 turns).

demibob the Twirler (Demonspawn Gladiator)           Turns: 105, Time: 00:00:16

Health: 22/22      AC:  4    Str: 14    XL:     2   Next: 3%
Magic:  2/2        EV: 12    Int:  9    God:
Gold:   9          SH:  0    Dex: 14    Spells: 1/1 levels left

rFire   . . .      SeeInvis .    a - +0 quarterstaff
rCold   . . .      Faith    .    (shield currently unavailable)
rNeg    . . .      Spirit   .    b - +0 leather armour
rPois   .          Reflect  .    c - +0 helmet
rElec   .          Harm     .    (no cloak)
rCorr   .          Rampage  .    (no gloves)
Will    .....                    (no boots)
Stlth   +                        (no amulet)
HPRegen 0.23/turn                (no ring)
MPRegen 0.16/turn                (no ring)

@: no status effects
A: magic regeneration
a: no special abilities


You were on level 1 of the Dungeon.
You visited 1 branch of the dungeon, and saw 1 of its levels.

You collected 9 gold pieces.


Innate Abilities, Weirdness & Mutations

You regenerate magic rapidly.


   Skills:
 - Level 2.0 Fighting
 + Level 3.2 Staves
 - Level 1.7 Throwing
 - Level 2.6 Dodging


You had one spell level left.
You didn't know any spells.
Your spell library was empty.

Inventory:

Hand Weapons
 a - a +0 quarterstaff (weapon)
Missiles
 d - 3 throwing nets (quivered) {=f}
 e - a javelin
Armour
 b - a +0 leather armour (worn)
 c - a +0 helmet (worn)
Scrolls
 f - a scroll of fear {unknown}
 h - a scroll of enchant weapon {unknown}
Potions
 g - a potion of heal wounds {unknown}

Dungeon Overview and Level Annotations

Branches:
Dungeon (1/15)

Altars:

############ ...........#
...........# ...........#
.....>.....###
.............# #####
.............## #...#
..............###...########
......######....@...........
...........##.###...#####...
....)†####.##...##'##
...).#####.####..#...
...........# #.####.#
.....####### .# #
##.#........ . #.#..###### #
#.#..####


There were no monsters in sight!


Message History

The bat barely misses you.
You hit the bat but do no damage. The bat barely misses you.
The bat hits you but does no damage.
You completely miss the bat. The bat misses you.
No target in view!
No target in view!
No target in view!
No target in view!
No target in view!
No target in view!
No target in view!
No target in view!
No target in view!
No target in view!
No target in view!
No target in view!
No target in view!
The bat completely misses you.
A bat is nearby!
A bat is nearby!
You barely miss the bat. The bat closely misses you.
The bat hits you but does no damage.
You closely miss the bat. The bat barely misses you.
The bat hits you but does no damage. x2
You sock the bat!
You kill the bat!
You have reached level 2!
Your demonic ancestry asserts itself...
Your magic begins to regenerate rapidly.
Are you sure you want to abandon this character and quit the game? (Confirm with "yes".)

Skill      XL: |  1 |
---------------+----+-----
Staves         | 3 |  3.2
Fighting       | |  2.0
Throwing       | |  1.7
Dodging        | |  2.6

Action                   || total
-------------------------++-------
Melee: Quarterstaff      ||    20
Armor: Leather armour    ||    10
Dodge: Dodged            ||    12

Levels and vault maps discovered:
D:1:      minmay_arrival_semitransparent, layout_basic, nrook_loot_triangle,
          feat_on_display

Notes
Turn   | Place    | Note
-------+----------+-------------------------------------------
     0 | D:1      | demibob the Demonspawn Gladiator began the quest for the
                  | Orb.
     0 | D:1      | Reached XP level 1. HP: 16/16 MP: 1/1
    54 | D:1      | Reached skill level 3 in Staves
   105 | D:1      | Gained mutation: You regenerate magic rapidly. [demonic
                  | ancestry]
   105 | D:1      | Reached XP level 2. HP: 22/22 MP: 2/2
   105 | D:1      | Quit the game

Vanquished Creatures
  A ball python (D:1)
  A bat (D:1)
  An endoplasm (D:1)
  A goblin (D:1)
  A hobgoblin (D:1)
  A quokka (D:1)
  A rat (D:1)
7 creatures vanquished.

Table legend: (Time is in decaauts)
 A = Elapsed time spent in this place.
 B = Non-inter-level travel time spent in this place.
 C = Inter-level travel time spent in this place.
 D = Time resting spent in this place.
 E = Time spent auto-exploring this place.
 F = Levels seen in this place.
 G = Mean time per level.
                   A        B        C        D        E       F      G
               +--------+--------+--------+--------+--------+-----+--------+
         Total |    107 |    107 |      0 |      0 |     69 |   1 |  107.0 |
       Dungeon |    107 |    107 |      0 |      0 |     69 |   1 |  107.0 |
               +--------+--------+--------+--------+--------+-----+--------+

Top non-repeatable levels by time:
     D:1: 107 daAuts

Table legend:
 A = Non-vault XP
 B = Vault XP
 C = Vault XP percentage of total XP
 D = Non-vault monster count
 E = Vault monster count
 F = Vault count percentage of total count
                 A         B        C        D         E       F
            +---------+---------+-------+---------+---------+-------
      Total |      13 |       0 |   0.0 |       7 |       0 |   0.0
            +---------+---------+-------+---------+---------+-------
        D:1 |      13 |       0 |   0.0 |       7 |       0 |   0.0
            +---------+---------+-------+---------+---------+-------
